 Dungeon Crawl Stone Soup version 0.18-a0-750-g37044d6 (webtiles) character file.

1880 JokEr the Carver (level 8, -3/63 HPs)
             Began as a High Elf Fighter on Dec 12, 2015.
             Was a Believer of Okawaru.
             Slain by an orc
             ... wielding a +2 dagger of electrocution
              (14 damage)
             ... on level 7 of the Dungeon.
             The game lasted 00:16:43 (7951 turns).

JokEr the Carver (High Elf Fighter)                 Turns: 7951, Time: 00:16:43

Health: -3/63      AC: 13    Str: 17    XL:     8   Next: 91%
Magic:  9/9        EV:  1    Int: 12    God:    Okawaru [**....]
Gold:   330        SH:  9    Dex: 18    Spells: 0 memorised, 7 levels left

rFire  + . .     SeeInvis .     a - +1 long sword
rCold  x . .     Clarity  .     b - +0 scale mail
rNeg   + . .     SustAt   .     c - +0 shield
rPois  .         Gourm    .     f - +1 helmet
rElec  .         Spirit   .     (no cloak)
rCorr  +         Dismiss  .     y - +2 pair of gloves {Dex+3}
rMut   .         Stasis   .     x - +0 pair of boots
MR     .....                    s - amulet of resist corrosion
Stlth  ..........               p - ring of fire
                                e - ring of positive energy

@: not resistant to hostile enchantments, extremely unstealthy
A: no striking features
a: Heroism, Renounce Religion


You were on level 7 of the Dungeon.
You worshipped Okawaru.
Okawaru was pleased with you.
You were not hungry.

You visited 2 branches of the dungeon, and saw 8 of its levels.

You collected 330 gold pieces.

Inventory:

Hand Weapons
 a - a +1 long sword (weapon)
Armour
 b - a +0 scale mail (worn)
 c - a +0 shield (worn)
 f - a +1 helmet (worn)
 x - a +0 pair of boots (worn)
 y - a +2 pair of gloves of dexterity (worn)
Jewellery
 e - a ring of positive energy (left hand)
 p - a ring of fire (right hand)
 s - an amulet of resist corrosion (around neck)
Wands
 w - a wand of disintegration (6)
Scrolls
 i - 2 scrolls of remove curse
 l - a scroll of recharging
 o - 2 scrolls of identify
 r - 3 scrolls of teleportation
 v - a scroll of enchant weapon
Potions
 d - a potion of magic {unknown}
 g - a potion of mutation {unknown}
 h - a potion of heal wounds {unknown}
 j - 2 potions of brilliance
 k - 2 potions of lignification
 n - 2 potions of flight {unknown}
 u - a potion of cure mutation {unknown}
 z - a potion of berserk rage {unknown}
Comestibles
 t - 2 beef jerkies


   Skills:
 + Level 8.8 Fighting
 + Level 10.0 Long Blades
 - Level 2.6 Armour
 - Level 2.6 Shields


You had 7 spell levels left.
You didn't know any spells.

Dungeon Overview and Level Annotations

Branches:
Dungeon (7/15)             Temple (1/1) D:5

Altars:
Ashenzari
Dithmenos
Fedhas
Gozag
Makhleb
Nemelex Xobeh
Okawaru
Pakellas
Qazlal
Ru
Sif Muna
Trog
Vehumet
Xom
Yredelemnul
Zin
The Shining One


Message History

The orc hits you. The orc hits you but does no damage.
The orc hits you but does no damage.
You barely miss the orc.
The orc is severely wounded.
The orc hits you but does no damage. x3
You are electrocuted!
You closely miss the orc.
The orc is severely wounded.
The orc hits you but does no damage. You block the orc's attack.
The orc hits you but does no damage.
You slash the orc!
You kill the orc!
Okawaru accepts your kill. The orc hits you but does no damage.
The orc hits you with a dagger of electrocution.
You are electrocuted!
* * * LOW HITPOINT WARNING * * *
The orc hits you but does no damage. x2
You are electrocuted!
You die...

#.. #.# ####.## ###
#.....# ..# #.##..# #.#
##'##..####.#
######...#.......########
+....†...+.....p)o......#
##.......#.....#@or..##.#
#.......#...#.#####.##.##
#.......#.#.#.# #.##..#
### #.......#.#.#.#
..###p## #..
#.......#.....# ### #.o#
#.. #.......###.### ##p#
#|. #.......# #.# #..
#.......# #.# #..
#####...# #.## #..


You could see 2 orcs, a quokka and a neutral freed slave (wandering).

Vanquished Creatures
  Pikel (D:6)
  Grinder (D:4)
  Sigmund (D:2)
  Menkaure (D:7)
  2 slaves
  2 ogres
  An orc warrior (D:6)
  A centaur (D:7)
  A scorpion (D:6)
  3 hounds
  3 crimson imps
  A giant frog zombie (D:5)
  An orc priest (D:5)
  3 worker ants
  An orc wizard (D:4)
  7 adders
  2 river rats (D:5)
  4 shadow imps
  3 oozes
  An adder skeleton (D:6)
  2 worms (D:2)
  2 giant geckos
  26 orcs
  3 ball pythons
  5 bats
  5 hobgoblins
  3 jackals (D:6)
  5 quokkas
  3 giant cockroaches
  6 giant newts
  10 goblins
  8 kobolds
  A quokka skeleton (D:6)
  8 rats
127 creatures vanquished.

Notes
Turn   | Place    | Note
--------------------------------------------------------------
     0 | D:1      | JokEr the High Elf Fighter began the quest for the Orb.
     0 | D:1      | Reached XP level 1. HP: 16/16 MP: 2/2
   314 | D:1      | Reached XP level 2. HP: 19/21 MP: 3/3
  1028 | D:2      | Reached XP level 3. HP: 13/26 MP: 4/4
  1636 | D:2      | Reached skill level 4 in Long Blades
  2294 | D:2      | Noticed Sigmund
  2302 | D:2      | Killed Sigmund
  2302 | D:2      | Reached skill level 5 in Fighting
  2302 | D:2      | Reached skill level 5 in Long Blades
  2302 | D:2      | Reached XP level 4. HP: 26/35 MP: 5/5
  2302 | D:2      | Reached XP level 5. HP: 28/39 MP: 6/6
  3138 | D:3      | You fall through a shaft for 3 floors!
  3158 | D:6      | Reached XP level 6. HP: 27/45 MP: 7/7
  3353 | D:5      | Entered Level 5 of the Dungeon
  3362 | D:5      | Reached skill level 6 in Long Blades
  3586 | D:5      | Found a staircase to the Ecumenical Temple.
  3595 | Temple   | Entered the Ecumenical Temple
  3691 | Temple   | Became a worshipper of Warmaster Okawaru
  3772 | D:5      | Found a glowing drain.
  4412 | D:4      | Reached XP level 7. HP: 18/52 MP: 8/8
  5381 | D:5      | Noticed Grinder
  5386 | D:4      | Paralysed by Grinder for 2 turns
  5393 | D:4      | Reached skill level 7 in Long Blades
  5418 | D:4      | Killed Grinder
  5418 | D:4      | Reached * piety under Okawaru
  6476 | D:5      | Reached skill level 8 in Long Blades
  6747 | D:6      | Reached XP level 8. HP: 60/60 MP: 9/9
  6764 | D:6      | Found a deep blue altar of Sif Muna.
  6794 | D:6      | Found a basalt altar of Yredelemnul.
  7363 | D:7      | Noticed Menkaure
  7370 | D:7      | Killed Menkaure
  7556 | D:7      | Noticed Pikel
  7758 | D:6      | Killed Pikel
  7758 | D:6      | Reached skill level 9 in Long Blades
  7944 | D:7      | Reached ** piety under Okawaru
  7944 | D:7      | Reached skill level 10 in Long Blades
  7951 | D:7      | Slain by an orc

Vault maps used:
D:1:      dpeg_arrival_three_bigger_balls, item_on_display_a
D:2:      uniq_sigmund
D:3:      first_bread, serial_bayou_pond_c
D:5:      minmay_temple_entry_junction2, portal_sewer_entry_a,
          roderic_roman_lattice, uniq_grinder
D:6:      marbit_many_paths, yredelemnul_altar_generic
D:7:      uniq_menkaure, uniq_pikel
Temple:   lightli_temple_of_artemis

Action                   |  1- 3 |  4- 6 |  7- 9 || total
-------------------------+-------+-------+-------++-------
Melee: Long sword        |   137 |   163 |   273 ||   573
  Use: Scroll            |     5 |     1 |     7 ||    13
       Potion            |     1 |     1 |     2 ||     4
  Eat: Bread ration      |     1 |       |     3 ||     4
       Meat ration       |       |     1 |       ||     1
       Beef jerky        |       |     1 |     1 ||     2
